 Dungeon Crawl Stone Soup version 0.31-a0-152-g6aa68a64a1 (webtiles) character file.

Game seed: 13035301365195796960

390 qw the Shooter (level 6, -4/56 HPs)
             Began as a Naga Hunter on June 9, 2023.
             Was an Initiate of Okawaru.
             Slain by a wyvern (5 damage)
             ... on level 7 of the Dungeon.
             The game lasted 00:00:55 (2934 turns).

qw the Shooter (Naga Hunter)                        Turns: 2934, Time: 00:00:55

Health: -4/56      AC:  8    Str: 13    XL:     6   Next: 80%
Magic:  6/6        EV: 11    Int:  9    God:    Okawaru [......]
Gold:   175        SH:  0    Dex: 23    Spells: 5/5 levels left

rFire   . . .        o - +0 orcbow
rCold   . . .        (shield currently unavailable)
rNeg    . . .        c - +0 leather armour
rPois   +            g - +0 helmet
rElec   .            (no cloak)
rCorr   .            (no gloves)
SInv    +            (no barding)
Will    .....        (no amulet)
Stlth   ++           e - ring "Jeruc" {AC+4 SInv}
HPRegen 0.29/turn    i - +6 ring of dexterity
MPRegen 0.10/turn

%: no passive effects
@: short of breath, very slow
A: AC +2, large, see invisible, deformed body, poison resistance, slowness 2,
spit poison 1, naga tail 1
a: Spit Poison, Renounce Religion


You were on level 7 of the Dungeon.
You worshipped Okawaru.
Okawaru was noncommittal.
You visited 2 branches of the dungeon, and saw 6 of its levels.

You collected 175 gold pieces.


Innate Abilities, Weirdness & Mutations

Your serpentine skin is tough. (AC +2)
You have supernaturally acute eyesight. (SInv)
Armour fits poorly on your strangely shaped body.
Your system is resistant to poisons. (rPois)
You cover ground very slowly.
You can spit poison.
You have a snake-like lower body.


   Skills:
 + Level 3.1 Fighting
 - Level 6.3 Ranged Weapons
 - Level 2.8 Dodging
 - Level 1.5 Stealth


You had 5 spell levels left.
You didn't know any spells.
Your spell library was empty.

Inventory:

Hand Weapons
 l - a +1 heavy shortbow
 o - a +0 orcbow (weapon)
Armour
 c - a +0 leather armour (worn)
 g - a +0 helmet (worn)
Jewellery
 e - the ring "Jeruc" (left hand) {AC+4 SInv}
   (You found it on level 3 of the Dungeon)

   [ring of protection]

   AC:        It affects your AC (+4).
   SInv:      It lets you see invisible.
 i - a +6 ring of dexterity (right hand)
Scrolls
 j - a scroll of identify
 n - 2 scrolls of blinking {unknown}
Potions
 a - 4 potions of curing
 b - a potion of magic {unknown}
 d - a potion of haste
 f - a potion of degeneration {unknown}
 h - a potion of mutation {unknown}
 k - a potion of heal wounds {unknown}
 m - a potion of might {unknown}

Dungeon Overview and Level Annotations

Branches:
Dungeon (4/15)             Temple (1/1) D:4

Altars:
Ashenzari
Dithmenos
Elyvilon
Fedhas
Kikubaaqudgha
Nemelex Xobeh
Okawaru
Sif Muna
Trog
Uskayaw
Wu Jian
Yredelemnul
Zin
The Shining One


Message History

The wyvern barely misses you. The wyvern bites you.
2926 ||| INVOKING Spit Poison.
Aiming: Spit Poison (1% risk of failure)
Press: ? - help, Shift-Dir - straight line, f/p - wyvern The splash of poison hits the wyvern.
The wyvern is moderately wounded.
The wyvern bites you but does no damage.
You shoot an arrow. The arrow closely misses the wyvern.
The wyvern bites you!
The wyvern hisses menacingly.
The wyvern closely misses you.
You shoot an arrow. The arrow hits the wyvern.
The wyvern is heavily wounded.
You have got your breath back.
The wyvern bites you but does no damage. x2
2929 ||| INVOKING Spit Poison.
Aiming: Spit Poison (1% risk of failure)
Press: ? - help, Shift-Dir - straight line, f/p - wyvern The splash of poison misses the wyvern.
The wyvern looks more healthy.
The wyvern bites you!
You shoot an arrow. The arrow hits the wyvern!
The wyvern is almost dead.
The wyvern bites you! The wyvern bites you.
You shoot an arrow. The arrow barely misses the wyvern.
The wyvern bites you but does no damage.
The wyvern bites you.
You shoot an arrow.
The arrow hits the wyvern but does no damage.
The wyvern is almost dead.
The wyvern bites you.
You shoot an arrow. The arrow barely misses the wyvern.
You have got your breath back.
The wyvern bites you!
The wyvern bites you but does no damage.
2934 ||| INVOKING Spit Poison.
Aiming: Spit Poison (1% risk of failure)
Press: ? - help, Shift-Dir - straight line, f/p - wyvern The splash of poison misses the wyvern.
The wyvern bites you.
You die...

%.#....7...%..#
7...7.........#
......#.#.....#
.#.#..[....>..#######
.....7...7.....##...#
..7....#.(.....##...####
.....7...7.............+
.#.#.......#...##...##.#
......#.#.##....@.......#
.... #####l#####... .7.
#.# .! . #!# . #.# #..
#.. #..


You could see a wyvern.

Vanquished Creatures
  A sky beast (D:7)
  A centaur (D:7)
  An orc priest (D:3)
  Natasha (thrice) (D:2)
  Robin (D:3)
  3 adders
  A worm (D:2)
  3 dart slugs (D:2)
  6 orcs
  5 endoplasms
  4 giant cockroaches
  11 goblins
  6 hobgoblins
  2 quokkas
  4 ball pythons
  4 bats
  A frilled lizard (D:1)
  5 kobolds
  2 rats
64 creatures vanquished.

Notes
Turn   | Place    | Note
-------+----------+-------------------------------------------
     0 | D:1      | qw the Naga Hunter began the quest for the Orb.
     0 | D:1      | Reached XP level 1. HP: 19/19 MP: 1/1
     0 | D:1      | 0 ||| qw: Version: 0.2-a-122-gbc61b45
     0 | D:1      | 0 ||| qw: Game counter: 3262
     0 | D:1      | 0 ||| qw: Always use a shield: true
     0 | D:1      | 0 ||| qw: God list: Okawaru
     0 | D:1      | 0 ||| qw: Allow faded altars: false
     0 | D:1      | 0 ||| qw: Do Orc after D:15 true
     0 | D:1      | 0 ||| qw: Do second Lair branch before Depths: true
     0 | D:1      | 0 ||| qw: Lair rune preference: random
     0 | D:1      | 0 ||| qw: Plans: Normal
     0 | D:1      | 0 ||| PLANNING D:1-11
   103 | D:1      | 103 ||| INVOKING Spit Poison.
   115 | D:1      | 115 ||| INVOKING Spit Poison.
   173 | D:1      | 173 ||| READING scroll labelled ULUGUOCWOAJO.
   174 | D:1      | 174 ||| INVOKING Spit Poison.
   278 | D:1      | Found a faded altar of an unknown god.
   321 | D:1      | 321 ||| INVOKING Spit Poison.
   355 | D:1      | 355 ||| INVOKING Spit Poison.
   356 | D:1      | 356 ||| INVOKING Spit Poison.
   777 | D:1      | 777 ||| READING scroll labelled SAZ RESTRINOISK.
   778 | D:1      | 778 ||| READING scroll labelled MIUNUL MAFU.
   779 | D:1      | 779 ||| DRINKING 2 bubbling grey potions.
   815 | D:1      | 815 ||| DROPPING potion of lignification.
   816 | D:1      | 816 ||| DROPPING scroll of butterflies.
   873 | D:2      | 873 ||| INVOKING Spit Poison.
   874 | D:2      | Reached skill level 4 in Ranged Weapons
   874 | D:2      | Reached XP level 2. HP: 26/26 MP: 2/2
   910 | D:2      | Noticed Natasha
   913 | D:2      | 913 ||| INVOKING Spit Poison.
   916 | D:2      | 916 ||| INVOKING Spit Poison.
   916 | D:2      | Killed Natasha
   917 | D:2      | Reached XP level 3. HP: 21/32 MP: 3/3
   989 | D:2      | 989 ||| INVOKING Spit Poison.
  1022 | D:2      | 1022 ||| INVOKING Spit Poison.
  1048 | D:2      | 1048 ||| INVOKING Spit Poison.
  1056 | D:2      | Noticed Natasha
  1057 | D:2      | 1057 ||| INVOKING Spit Poison.
  1063 | D:2      | 1063 ||| INVOKING Spit Poison.
  1064 | D:2      | Killed Natasha
  1065 | D:2      | Reached skill level 5 in Ranged Weapons
  1065 | D:2      | Reached XP level 4. HP: 20/39 MP: 4/4
  1163 | D:2      | 1163 ||| INVOKING Spit Poison.
  1175 | D:2      | 1175 ||| INVOKING Spit Poison.
  1178 | D:2      | 1178 ||| INVOKING Spit Poison.
  1192 | D:2      | 1192 ||| INVOKING Spit Poison.
  1220 | D:2      | 1220 ||| INVOKING Spit Poison.
  1235 | D:2      | 1235 ||| INVOKING Spit Poison.
  1252 | D:2      | 1252 ||| INVOKING Spit Poison.
  1255 | D:2      | 1255 ||| INVOKING Spit Poison.
  1421 | D:2      | Noticed Natasha
  1422 | D:2      | 1422 ||| INVOKING Spit Poison.
  1425 | D:2      | Killed Natasha
  1426 | D:2      | Reached skill level 3 in Fighting
  1426 | D:2      | Reached XP level 5. HP: 49/49 MP: 5/5
  1465 | D:2      | 1465 ||| INVOKING Spit Poison.
  1526 | D:2      | 1526 ||| INVOKING Spit Poison.
  1530 | D:2      | 1530 ||| INVOKING Spit Poison.
  1566 | D:2      | 1566 ||| READING scroll labelled DAWKOU MOTIMP.
  1567 | D:2      | 1567 ||| DRINKING 2 murky golden potions.
  1568 | D:2      | 1568 ||| DRINKING 2 murky emerald potions.
  1599 | D:3      | 1599 ||| INVOKING Spit Poison.
  1620 | D:3      | Identified the ring "Jeruc" {AC+4 SInv}
  1627 | D:3      | 1627 ||| INVOKING Spit Poison.
  1639 | D:3      | 1639 ||| INVOKING Spit Poison.
  1719 | D:3      | 1719 ||| INVOKING Spit Poison.
  1723 | D:3      | Noticed Robin
  1724 | D:3      | 1724 ||| Stepping ~*~*~tactically~*~*~ (outnumbered).
  1725 | D:3      | 1725 ||| INVOKING Spit Poison.
  1732 | D:3      | 1732 ||| INVOKING Spit Poison.
  1733 | D:3      | Killed Robin
  1739 | D:3      | 1739 ||| INVOKING Spit Poison.
  1782 | D:3      | 1782 ||| INVOKING Spit Poison.
  1847 | D:3      | 1847 ||| INVOKING Spit Poison.
  1933 | D:3      | 1933 ||| INVOKING Spit Poison.
  1939 | D:3      | 1939 ||| INVOKING Spit Poison.
  1945 | D:3      | 1945 ||| INVOKING Spit Poison.
  1952 | D:3      | 1952 ||| INVOKING Spit Poison.
  2137 | D:3      | 2137 ||| INVOKING Spit Poison.
  2262 | D:3      | 2262 ||| INVOKING Spit Poison.
  2276 | D:3      | 2276 ||| INVOKING Spit Poison.
  2473 | D:3      | 2473 ||| UPGRADING to +0 helmet.
  2478 | D:3      | 2478 ||| UPGRADING to ring "Jeruc" {AC+4 SInv}.
  2479 | D:3      | 2479 ||| UPGRADING to +6 ring of dexterity.
  2480 | D:3      | 2480 ||| READING scroll labelled QUTETU ILEELEM.
  2481 | D:3      | 2481 ||| READING scroll labelled MYMNEF CUEFFU.
  2525 | D:4      | 2525 ||| INVOKING Spit Poison.
  2562 | D:4      | 2562 ||| INVOKING Spit Poison.
  2580 | D:4      | 2580 ||| INVOKING Spit Poison.
  2604 | D:4      | 2604 ||| INVOKING Spit Poison.
  2663 | D:4      | 2663 ||| INVOKING Spit Poison.
  2678 | D:4      | Found a staircase to the Ecumenical Temple.
  2679 | D:4      | 2679 ||| PLANNING TEMPLE
  2686 | Temple   | Entered the Ecumenical Temple
  2689 | Temple   | 2689 ||| PLANNING OKAWARU WORSHIP
  2767 | Temple   | Became a worshipper of Warmaster Okawaru
  2767 | Temple   | 2767 ||| PLANNING D:1-11
  2789 | D:4      | You fall into a shaft and drop 3 floors!
  2793 | D:7      | Noticed a sky beast
  2795 | D:7      | 2795 ||| INVOKING Spit Poison.
  2797 | D:7      | Killed a sky beast
  2798 | D:7      | Reached XP level 6. HP: 56/56 MP: 6/6
  2810 | D:7      | Reached skill level 6 in Ranged Weapons
  2920 | D:7      | Noticed a wyvern
  2921 | D:7      | 2921 ||| SWAPPING to +0 orcbow.
  2923 | D:7      | 2923 ||| INVOKING Spit Poison.
  2926 | D:7      | 2926 ||| INVOKING Spit Poison.
  2929 | D:7      | 2929 ||| INVOKING Spit Poison.
  2931 | D:7      | HP: 14/56 [wyvern (2)]
  2933 | D:7      | HP: 1/56 [wyvern (13)]
  2934 | D:7      | 2934 ||| INVOKING Spit Poison.
  2934 | D:7      | Slain by a wyvern

Levels and vault maps discovered:
D:1:      ncdulo_smallfort, layout_loops_ring,
          hellmonk_ecumenical_altar_inner_sanctum, serial_bayou_ford_a
D:2:      layout_basic, uniq_natasha
D:3:      layout_loops_ring, uniq_robin
D:4:      layout_loops_ring, minmay_temple_entry_offerings,
          gammafunk_ghost_split, minmay_cut_off
D:7:      layout_basic, nicolae_gozag_seed_capital,
          mainiacjoe_overflow_surrounded_room, st_stairs_11,
          nicolae_kite_square_tiling_tiny, serial_bayou_lagoon_b, uniq_menkaure,
          uniq_joseph, uniq_crazy_yiuf_cottage, uniq_maggie
Temple:   nicolae_temple_great_sept

Skill      XL: |  1  2  3  4  5  6 |
---------------+-------------------+-----
Ranged Weapons | 4 5 6 |  6.3
Fighting       | 3 |  3.1
Dodging        | 2 |  2.8
Stealth        | |  1.5

Action                     |  1- 3 |  4- 6 || total
---------------------------+-------+-------++-------
   Fire: Shortbow          |    25 |    70 ||    95
         Orcbow            |       |     9 ||     9
Ability: Spit Poison       |    13 |    38 ||    51
    Use: Scroll            |     3 |     3 ||     6
         Potion            |     1 |     2 ||     3
 Armour: Leather armour    |       |    14 ||    14
  Dodge: Dodged            |     1 |    10 ||    11

Table legend:
 A = Non-vault XP
 B = Vault XP
 C = Vault XP percentage of total XP
 D = Non-vault monster count
 E = Vault monster count
 F = Vault count percentage of total count
                 A         B        C        D         E       F
            +---------+---------+-------+---------+---------+-------
      Total |     490 |      68 |  12.2 |      53 |      11 |  17.2
            +---------+---------+-------+---------+---------+-------
        D:1 |       7 |       0 |   0.0 |       5 |       0 |   0.0
        D:2 |     130 |      36 |  21.7 |      23 |       1 |   4.2
        D:3 |      97 |      26 |  21.1 |      18 |       7 |  28.0
        D:4 |      10 |       6 |  37.5 |       5 |       3 |  37.5
        D:7 |     246 |       0 |   0.0 |       2 |       0 |   0.0
            +---------+---------+-------+---------+---------+-------
